 Dungeon Crawl Stone Soup version 0.31-a0-799-g6bc09d010c (webtiles) character file.

Game seed: 1581289416420178883

388 kae the Cleaver (level 6, -6/51 HPs)
             Began as a Hill Orc Fighter on Sept 19, 2023.
             Mangled by Pikel
             ... wielding a +1 whip of electrocution
              (9 damage)
             ... on level 4 of the Dungeon.
             The game lasted 00:03:38 (3413 turns).

kae the Cleaver (Hill Orc Fighter)                  Turns: 3413, Time: 00:03:38

Health: -6/51      AC:  7    Str: 21    XL:     6   Next: 79%
Magic:  6/6        EV:  8    Int:  8    God:
Gold:   185        SH:  8    Dex: 10    Spells: 5/5 levels left

rFire   . . .        a - +0 war axe
rCold   . . .        x - +0 kite shield
rNeg    . . .        b - +0 scale mail
rPois   +            p - +1 hat
rElec   .            (no cloak)
rCorr   .            (no gloves)
SInv    .            (no boots)
Will    .....        (no amulet) Stlth
                     P - ring of poison resistance
HPRegen 0.28/turn    (no ring)
MPRegen 0.10/turn

%: no passive effects
@: no status effects
A: no striking features
a: no special abilities


You were on level 4 of the Dungeon.
You visited 2 branches of the dungeon, and saw 5 of its levels.

You collected 185 gold pieces.


   Skills:
 - Level 3.6 Fighting
 + Level 9.2 Axes
 - Level 3.2 Armour
 - Level 3.2 Shields


You had 5 spell levels left.
You didn't know any spells.
Your spell library contained the following spells:

 Spells                   Type           Power      Damage    Failure   Level
 Kiss of Death            Conj/Necr      0%         2d5       95%         1
 Confusing Touch          Hex            0%         N/A       100%        3
 Dispel Undead            Necr           0%         3d6       100%        4

Inventory:

Hand Weapons
 a - a +0 war axe (weapon)
Missiles
 j - 29 stones
 m - 8 boomerangs
 r - 6 atropa-tipped darts
 s - 2 poisoned darts
Armour
 b - a +0 scale mail (worn)
 c - a +0 buckler
 p - a +1 hat (worn)
   (You found it on level 2 of the Dungeon)
 x - a +0 kite shield (worn)
   (You found it on level 3 of the Dungeon)
Jewellery
 P - a ring of poison resistance (left hand)
   (You found it on level 3 of the Dungeon)
Talismans
 v - a talisman of death
   (You found it on level 4 of the Dungeon)
Wands
 y - a wand of polymorph (9)
   (You found it on level 4 of the Dungeon)
Scrolls
 f - a scroll of torment {!r}
 g - a scroll of teleportation {@r4}
 h - a scroll of noise {!r}
 l - 2 scrolls of identify {@r1}
 o - a scroll of immolation {unknown}
 q - a scroll of vulnerability {!r!r}
Potions
 d - a potion of might
 e - 2 potions of magic
 i - a potion of enlightenment {unknown}
 k - 4 potions of curing {unknown}
 n - a potion of haste {@q3}
 t - a potion of mutation {!q}
 u - 2 potions of heal wounds {@q2}
 w - a potion of degeneration {unknown}
 z - a potion of berserk rage {unknown}

Dungeon Overview and Level Annotations

Branches:
Dungeon (4/15) Zot: 20566  Temple (1/1) D:4 Zot: 5953

Altars:
Ashenzari
Cheibriados
Dithmenos
Elyvilon
Gozag
Hepliaklqana
Kikubaaqudgha
Nemelex Xobeh
Okawaru
Sif Muna
Uskayaw
Vehumet
Wu Jian
Xom

Annotations:
D:4 Pikel

#.##.#.#...#####
#.##.#.........#
#.##.##....###.##
###!##.##.........#
#.J.##.##..#.#.#..###
#######.####.##..#.#.#.....
#....)..# #.##..#.#.......
#......g####.....#.#.....#.
#......g5K@.###....#<....#.
#......5###.# #...###......
#.......# #.# #.....'......
#.......# #.###....##......
#.......# #.##..##.......#.
#.......# #.##.###.......##
**#****** #.#...#........#
#.#.8.#....#####
**#...#....#####


You could see Pikel, 2 lemures and 2 gnolls.


Message History

You slash the ogre! 😮 HP[-15]
You take 15 damage, and now have 36/51 hp.
MASSIVE DAMAGE!! (PAUSE)
You hit the ogre. You block the ogre's attack. 😮 HP[+1]
You hit the ogre. The ogre barely misses you.
Unknown command.
You hit the ogre. You block the ogre's attack.
You hit the ogre. The ogre hits you with a +0 giant club!
* * * LOW HITPOINT WARNING * * *
😨 HP[-14]
You take 14 damage, and now have 23/51 hp.
MASSIVE DAMAGE!! (PAUSE)
You slash the ogre!
You kill the ogre!
Your Axes skill increases to level 9!
You see here a +0 giant club. 😨 HP[+1] 😨 HP[+1] 😮 HP[+1]
You start resting.
A quokka comes into view. 😮 HP[+9]
You regained 9 hp, and now have 35/51 hp. 😮 HP[+1] Unknown command.
You closely miss the quokka. You block the quokka's attack.
The quokka bites you but does no damage.
You hit the quokka but do no damage. You block the quokka's attack.
You slash the quokka!
You kill the quokka! 😮 HP[+1]
Found a staircase to the Ecumenical Temple.
You see here a quokka corpse. 😮 HP[+1] 😕 HP[+1]
There is a staircase to the Ecumenical Temple here.
You can't go up here!
You climb downwards.
Welcome to the Ecumenical Temple!
Found a staircase back to the Dungeon.
There is a staircase back to the Dungeon here.
Unknown command.
Done exploring. 😕 HP[+4]
You regained 4 hp, and now have 43/51 hp.
Done exploring.
Done exploring. 😕 HP[+1] 😕 HP[+1] 😕 HP[+1] 😕 HP[+1]
There is a staircase back to the Dungeon here.
You climb upwards.
Welcome back to the Dungeon!
There is a staircase to the Ecumenical Temple here. 😎 HP[+4]
Your hp is fully restored (51).
z - a murky purple potion A lemure comes into view.
The lemure shouts!
You hear a shout! x2
A lemure comes into view.
Unknown command.
There are monsters nearby!
There are monsters nearby!
There are monsters nearby!
A lemure comes into view.
The lemure shouts! x2; The gnoll shouts!
You hear a shout!
Pikel, Merchant of Souls comes into view.
He is wielding a +1 whip of electrocution.
Unknown command.
Okay, then.
Okay, then.
You hit the lemure. The lemure hits you but does no damage.
The lemure barely misses you.
You closely miss the lemure. The lemure hits you. 😕 HP[-6]
You take 6 damage, and now have 45/51 hp.
You slash the lemure! The lemure barely misses you.
You slash the lemure!
You kill the lemure!
That felt strangely unrewarding.
The lemure hits you.
You hit the lemure. You slash Pikel! Pikel hits you but does no damage.
You hit Pikel. Pikel hits you but does no damage.
You hit Pikel.
Pikel hits you with a +1 whip of electrocution.
You are electrocuted! 😮 HP[-19]
You take 19 damage, and now have 26/51 hp.
MASSIVE DAMAGE!! (PAUSE)
You closely miss Pikel. You block Pikel's attack.
Unknown command.
You hit Pikel. You block Pikel's attack.
You barely miss Pikel.
Pikel hits you with a +1 whip of electrocution.
* * * LOW HITPOINT WARNING * * *
You are electrocuted!!
* * * LOW HITPOINT WARNING * * *
Pikel hits you with a +1 whip of electrocution!
You die...
Pikel says, "Another soul for the market."

Skill      XL: |  1  2  3  4  5  6 |
---------------+-------------------+-----
Axes           | 3 4 5 7 8 9 |  9.2
Fighting       | |  3.6
Armour         | |  3.2
Shields        | |  3.2

Action                     |  1- 3 |  4- 6 || total
---------------------------+-------+-------++-------
  Melee: War axe           |   112 |   128 ||   240
    Use: Scroll            |       |    11 ||    11
 Armour: Scale mail        |    73 |    89 ||   162
  Dodge: Dodged            |    55 |    49 ||   104
  Block: Buckler           |    19 |    11 ||    30
         Kite shield       |       |    40 ||    40

Levels and vault maps discovered:
D:1:      minmay_arrival_solitary_statue, layout_loops_ring, serial_forest,
          infiniplex_forest_clump_tiny, infiniplex_forest_side_room,
          infiniplex_forest_clump_double, infiniplex_forest_end_double,
          infiniplex_forest_lined_2, infiniplex_forest_lined_2,
          infiniplex_forest_clump_medium
D:2:      layout_loops_ring
D:3:      layout_basic
D:4:      layout_basic, general_overflow_altar, mainiacjoe_overflow_chevrons,
          minmay_temple_entry_antechambers, uniq_pikel
Temple:   minmay_temple_bridge_abc

Notes
Turn   | Place    | Note
-------+----------+-------------------------------------------
     0 | D:1      | kae the Hill Orc Fighter began the quest for the Orb.
     0 | D:1      | Reached XP level 1. HP: 19/19 MP: 1/1
     0 | D:1      | magus.rc [v1.11.3]
    18 | D:1      | Reached skill level 3 in Axes
    43 | D:1      | Reached XP level 2. HP: 22/26 MP: 2/2
   256 | D:1      | Reached skill level 4 in Axes
   402 | D:1      | Reached XP level 3. HP: 31/31 MP: 3/3
   941 | D:2      | Reached skill level 5 in Axes
  1400 | D:2      | HP: 7/31 [poisoned by a kobold]
  1488 | D:2      | Reached XP level 4. HP: 34/39 MP: 4/4
  1816 | D:3      | You pick up a book of Touch and begin reading...
  1816 | D:3      | You add the spells Kiss of Death, Confusing Touch and
                  | Dispel Undead to your library.
  1896 | D:3      | Reached skill level 6 in Axes
  2017 | D:3      | HP: 6/39 [orc priest/nerve-wracking pain (11)]
  2019 | D:3      | Reached skill level 7 in Axes
  2019 | D:3      | Reached XP level 5. HP: 7/45 MP: 5/5
  2491 | D:4      | Noticed a black bear
  2506 | D:3      | Killed a black bear
  2507 | D:3      | Reached skill level 8 in Axes
  2507 | D:3      | Reached XP level 6. HP: 32/51 MP: 6/6
  2758 | D:4      | Found an iron altar of Okawaru.
  2809 | D:4      | Found a broken altar of Ashenzari.
  3014 | D:4      | HP: 9/51 [acid (10)]
  3017 | D:4      | HP: 2/51 [gnoll/+0 spear (8)]
  3261 | D:4      | Reached skill level 9 in Axes
  3310 | D:4      | Found a staircase to the Ecumenical Temple.
  3319 | Temple   | Entered the Ecumenical Temple
  3399 | D:4      | Noticed Pikel
  3413 | D:4      | HP: 3/51 [Pikel/+1 whip of electrocution (20)]
  3413 | D:4      | Mangled by Pikel

Vanquished Creatures
  A black bear (D:3)
  An ogre (D:4)
  2 lemures (D:4)
  2 hounds
  A jelly (D:4)
  An orc priest (D:3)
  A gnoll (D:4)
  4 worms
  2 orcs (D:3)
  8 endoplasms
  5 giant cockroaches
  7 hobgoblins
  2 jackals (D:4)
  10 kobolds
  2 quokkas
  12 ball pythons
  4 bats
  6 frilled lizards
  6 goblins
  6 rats
83 creatures vanquished.

Table legend:
 A = Non-vault XP
 B = Vault XP
 C = Vault XP percentage of total XP
 D = Non-vault monster count
 E = Vault monster count
 F = Vault count percentage of total count
                 A         B        C        D         E       F
            +---------+---------+-------+---------+---------+-------
      Total |     555 |       0 |   0.0 |      81 |       0 |   0.0
            +---------+---------+-------+---------+---------+-------
        D:1 |      39 |       0 |   0.0 |      26 |       0 |   0.0
        D:2 |      44 |       0 |   0.0 |      21 |       0 |   0.0
        D:3 |     243 |       0 |   0.0 |      21 |       0 |   0.0
        D:4 |     229 |       0 |   0.0 |      13 |       0 |   0.0
            +---------+---------+-------+---------+---------+-------

Skill      XL: |  1  2  3  4  5  6 |
---------------+-------------------+-----
Axes           | 3 4 5 7 8 9 |  9.2
Fighting       | |  3.6
Armour         | |  3.2
Shields        | |  3.2

Action                     |  1- 3 |  4- 6 || total
---------------------------+-------+-------++-------
  Melee: War axe           |   112 |   128 ||   240
    Use: Scroll            |       |    11 ||    11
 Armour: Scale mail        |    73 |    89 ||   162
  Dodge: Dodged            |    55 |    49 ||   104
  Block: Buckler           |    19 |    11 ||    30
         Kite shield       |       |    40 ||    40

Illustrated notes

Table legend:
 A = Kills in this place as a percentage of kills in the entire game.
 B = Kills by you in this place as a percentage of kills by you in the entire game.
 C = Kills by friends in this place as a percentage of kills by friends in the entire game.
 D = Other kills in this place as a percentage of other kills in the entire game.
 E = Experience gained in this place as a percentage of experience gained in the entire game.
 F = Experience gained in this place divided by the number of levels of this place that you have seen.
                   A       B       C       D       E      F
               +-------+-------+-------+-------+-------+----------------------
         Total | 100.0 | 100.0 |   N/A |   N/A | 100.0 | 111.0
       Dungeon | 100.0 | 100.0 |   N/A |   N/A | 100.0 | 138.8
               +-------+-------+-------+-------+-------+----------------------

Table legend: (Time is in decaauts)
 A = Elapsed time spent in this place.
 B = Non-inter-level travel time spent in this place.
 C = Inter-level travel time spent in this place.
 D = Time resting spent in this place.
 E = Time spent auto-exploring this place.
 F = Levels seen in this place.
 G = Mean time per level.
                   A        B        C        D        E       F      G
               +--------+--------+--------+--------+--------+-----+--------+
         Total |   3478 |   3299 |    179 |    478 |   2164 |   5 |  695.6 |
       Dungeon |   3432 |   3271 |    161 |    478 |   2153 |   4 |  858.0 |
        Temple |     46 |     28 |     18 |      0 |     11 |   1 |   46.0 |
               +--------+--------+--------+--------+--------+-----+--------+

Top non-repeatable levels by time:
     D:4: 938 daAuts
     D:2: 934 daAuts
     D:1: 831 daAuts
     D:3: 727 daAuts
  Temple: 46 daAuts
